 Dungeon Crawl Stone Soup version 0.21.0-3-g78d12a8bdd (webtiles) character file.

133 XJIaMuguOo3 the Chopper (level 4, -2/40 HPs)
             Began as a Draconian Berserker on Jan 17, 2018.
             Was a Priest of Trog.
             Slain by an orc
             ... wielding a +0 trident
              (10 damage)
             ... on level 3 of the Dungeon.
             The game lasted 00:13:57 (1712 turns).

XJIaMuguOo3 the Chopper (Draconian Berserker)       Turns: 1712, Time: 00:13:57

Health: -2/40      AC:  6    Str: 19    XL:     4   Next: 93%
Magic:  4/4        EV: 13    Int:  7    God:    Trog [***...]
Gold:   146        SH:  0    Dex: 12    Spells: 3/3 levels left

rFire    . . .     SeeInvis .   i - +0 hand axe
rCold    . . .     Gourm    .   (no shield)
rNeg     . . .     Faith    .   (armour unavailable)
rPois    .         Spirit   .   (helmet restricted)
rElec    .         Reflect  .   (no cloak)
rCorr    .         Harm     .   g - +0 pair of gloves
MR       +....                  (no boots)
Stlth    +.........             p - amulet of regeneration
HPRegen  0.53/turn              f - ring of protection from magic
MPRegen  0.09/turn              (no ring)

@: no status effects
A: unfitting armour, cold-blooded, AC +5
a: Berserk, Trog's Hand, Burn Spellbooks, Renounce Religion


You were on level 3 of the Dungeon.
You worshipped Trog.
Trog was most pleased with you.
You were not hungry.

You visited 1 branch of the dungeon, and saw 3 of its levels.

You collected 146 gold pieces.

Inventory:

Hand Weapons
 a - a +0 hand axe
 i - a +0 hand axe (weapon)
 k - a +0 dagger
 r - a +0 halberd
Armour
 g - a +0 pair of gloves (worn)
Jewellery
 f - a ring of protection from magic (left hand)
 m - an uncursed amulet of magic regeneration
 p - an amulet of regeneration (around neck)
Scrolls
 c - 2 scrolls of identify {unknown}
 d - 3 scrolls of immolation
 e - a scroll of magic mapping {unknown}
 h - 2 scrolls of remove curse
 o - a scroll of random uselessness {unknown}
Potions
 j - a potion of brilliance {unknown}
 l - a potion of might {unknown}
 n - a potion of degeneration {unknown}
 s - a potion of flight {unknown}
Comestibles
 b - 3 rations
 q - 5 chunks of flesh


   Skills:
 + Level 4.1 Fighting
 + Level 4.4 Axes
 + Level 3.4 Dodging
 + Level 0.7 Stealth


You had 3 spell levels left.
You didn't know any spells.

Dungeon Overview and Level Annotations

Branches:
Dungeon (3/15)

Altars:
Qazlal
Sif Muna
Uskayaw
Zin


Innate Abilities, Weirdness & Mutations

Your plain brown scales are hard. (AC +5)
You cannot fit into any form of body armour.
You are cold-blooded and may be slowed by cold attacks.


Message History

You barely miss the orc priest.
Your tail-slap misses the orc priest.
The orc priest is almost dead.
The orc barely misses you.
The orc priest hits you but does no damage.
You hit the orc priest but do no damage.
Your tail-slap misses the orc priest.
The orc priest is almost dead.
The orc barely misses you.
The orc priest mumbles some strange prayers to Beogh against you.
You resist with some effort.
You closely miss the orc priest.
The orc priest is almost dead.
The orc hits you from afar with a trident.
The orc priest hits you with a flail!
* * * LOW HITPOINT WARNING * * *
You hit the orc priest.
You kill the orc priest!
Trog accepts your kill.
The orc hits you from afar with a trident!
You die...

.#.......# #.#
.#.......# #.#
.#.......# #.#
####....# #.#
#.### #.#
#..>.##.#
..#.......#
#........#####
...##.#....@)####
# #..###)...#
#.....o.......
#...#.......##
#...#.......#
.....#.......#
####.......###
#..#...# ... ..##


You could see an orc.

Vanquished Creatures
  An orc priest (D:3)
  4 adders (D:2)
  2 worms (D:2)
  4 leopard geckos
  An orc (D:3)
  A ball python (D:3)
  4 giant cockroaches (D:1)
  4 goblins
  7 hobgoblins
  4 jackals (D:2)
  4 kobolds
  A quokka (D:3)
  7 bats
  3 frilled lizards
  7 rats
54 creatures vanquished.

Notes
Turn   | Place    | Note
-------+----------+-------------------------------------------
     0 | D:1      | XJIaMuguOo3 the Draconian Berserker began the quest for the Orb.
     0 | D:1      | Reached XP level 1. HP: 19/19 MP: 1/1
   111 | D:1      | Reached XP level 2. HP: 19/26 MP: 2/2
   250 | D:1      | Reached ** piety under Trog
   530 | D:2      | Reached XP level 3. HP: 32/33 MP: 3/3
   677 | D:2      | Found a hide-covered altar of Uskayaw.
   776 | D:2      | Reached XP level 4. HP: 18/40 MP: 4/4
  1301 | D:2      | Found a stormy altar of Qazlal.
  1301 | D:2      | Found a glowing silver altar of Zin.
  1301 | D:2      | Found a deep blue altar of Sif Muna.
  1707 | D:3      | Reached *** piety under Trog
  1712 | D:3      | Slain by an orc

Skill      XL: |  1  2  3  4 |
---------------+-------------+-----
Dodging        | 3 |  3.4
Axes           | 4 |  4.4
Fighting       | 4 |  4.1
Stealth        | |  0.7

Action                   |  1- 3 |  4- 6 || total
-------------------------+-------+-------++-------
Melee: Hand axe          |   141 |    38 ||   179
       Tailslap          |    21 |     7 ||    28
  Use: Scroll            |       |     4 ||     4
 Stab: Sleeping          |       |     1 ||     1
  Eat: Chunk             |       |     3 ||     3
Armor: Skin              |    48 |     8 ||    56
Dodge: Dodged            |   101 |    35 ||   136
